 Dungeon Crawl Stone Soup version 0.29.1-12-g30fa7ad0bf (webtiles) character file.

Game seed: 6654438404252325569

67195 112233 the Spry (level 15, -8/104 HPs)
             Began as a Kobold Artificer on Dec 28, 2022.
             Was the Champion of Jiyva.
             Mangled by a death yak (20 damage)
             ... on level 4 of the Lair of Beasts.
             The game lasted 00:27:35 (19539 turns).

112233 the Spry (Kobold Artificer)                 Turns: 19539, Time: 00:27:36

Health: -8/104     AC: 14    Str: 10    XL:     15   Next: 65%
Magic:  15/15      EV: 26    Int: 17    God:    Jiyva [******]
Gold:   1306       SH:  0    Dex: 18    Spells: 7/14 levels left

rFire   . . .      SeeInvis .   q - +10 hand axe "Uxzep" {protect, Fragile rElec Will+}
rCold   + + .      Faith    .   (no shield)
rNeg    . . .      Spirit   .   E - +0 troll leather armour
rPois   .          Reflect  .   m - +0 helmet
rElec   +          Harm     .   F - +0 cloak
rCorr   +          Rampage  .   (no gloves)
Will    ++...                   V - +1 pair of boots
Stlth   ++++......              l - amulet of the acrobat
HPRegen 5.07/turn               T - ring of protection from cold
MPRegen 0.64/turn               a - ring of protection from cold

@: under a protective aura
A: small, no large weapons, nightstalker 3, hooves 1, sense surroundings 2,
regeneration 3, wild magic 3, pseudopods 1, MP-powered wands
a: Renounce Religion, Oozemancy, Slimify


You were on level 4 of the Lair of Beasts.
You worshipped Jiyva.
Jiyva was exalted by your worship.
You visited 3 branches of the dungeon, and saw 22 of its levels.
You also visited: Ice Cave.

You collected 1736 gold pieces.
You spent 430 gold pieces at shops.

Inventory:

Hand Weapons
 q - the +10 hand axe "Uxzep" (weapon) {protect, Fragile rElec Will+}
   (You found it on level 4 of the Dungeon)

   It grants its wielder temporary protection when it strikes (+7 to AC).
   rElec:     It insulates you from electricity.
   Fragile:   It will be destroyed if unequipped.
   Will:      It increases your willpower.
 v - a +1 rapier of freezing
 Y - a +2 dagger of holy wrath
Missiles
 h - 56 poisoned darts
 P - 4 curare-tipped darts
Armour
 m - a +0 helmet (worn)
 n - a +2 hat
 B - a +1 robe of fire resistance
 E - a +0 troll leather armour (worn)
 F - a +0 cloak (worn)
 I - +0 steam dragon scales
 V - a +1 pair of boots (worn)
Jewellery
 a - a ring of protection from cold (right hand)
 b - a ring of protection from fire
 l - an amulet of the acrobat (around neck)
 z - a ring of protection from fire
 T - a ring of protection from cold (left hand)
 Z - a ring of magical power
Wands
 d - a wand of charming (9)
 r - a wand of flame (38) (quivered)
 K - a wand of paralysis (5)
 M - a wand of roots (4)
 O - a wand of polymorph (9)
 X - a wand of mindburst (13)
Scrolls
 i - a scroll of blinking
 j - a scroll of enchant armour {unknown}
 p - 3 scrolls of butterflies
 x - 3 scrolls of amnesia
 y - a scroll of immolation {unknown}
 C - 3 scrolls of enchant weapon
 H - a scroll of teleportation {unknown}
 L - a scroll of poison {unknown}
 N - 3 scrolls of magic mapping {unknown}
 S - 2 scrolls of silence {unknown}
 U - 8 scrolls of identify
 W - 2 scrolls of noise {unknown}
Potions
 c - 2 potions of degeneration {unknown}
 f - 2 potions of mutation
 k - 3 potions of heal wounds
 o - 3 potions of magic
 s - 2 potions of berserk rage {unknown}
 t - 6 potions of curing
 u - 2 potions of ambrosia {unknown}
 w - 2 potions of lignification {unknown}
 A - 2 potions of cancellation {unknown}
 D - a potion of resistance {unknown}
 G - 2 potions of brilliance {unknown}
 J - 4 potions of flight {unknown}
 Q - a potion of haste
 R - 2 potions of might {unknown}
Miscellaneous
 e - a phial of floods (inert)
 g - a phantom mirror (inert)


   Skills:
 + Level 16.1 Fighting
 - Level 13.2 Short Blades
 + Level 3.5 Armour
 + Level 17.5 Dodging
 + Level 6.5 Stealth
 + Level 14.3 Evocations


You had 7 spell levels left.
You knew the following spells:

 Your Spells              Type           Power      Damage    Failure   Level
a - Blink                 Tloc           0%         N/A       69%         2
b - Manifold Assault      Tloc           0%         N/A       100%        5

Your spell library contained the following spells:

 Spells                   Type           Power      Damage    Failure   Level
 Poisonous Vapours        Pois/Air       0%         N/A       69%         2
 Lesser Beckoning         Tloc           0%         N/A       87%         3
 Corpse Rot               Necr/Pois/Air  0%         N/A       99%         4
 Dispel Undead            Necr           0%         3d6       99%         4
 Ice Form                 Ice/Tmut       0%         N/A       99%         4
 Summon Ice Beast         Ice/Summ       0%         N/A       99%         4
 Death Channel            Necr           0%         N/A       100%        6
 Simulacrum               Ice/Necr       0%         N/A       100%        6


Dungeon Overview and Level Annotations

Branches:
Dungeon (15/15)            Temple (0/1) D:6            Lair (5/5) D:9
  Swamp (0/4) Lair:3       Spider (0/4) Lair:2        Slime (0/5) Lair:4
    Orc (2/2) D:9             Elf (0/3) Orc:2        Vaults (0/5) D:14
 Depths (0/4) D:15          IceCv (visited)

Altars:
Dithmenos
Hepliaklqana
Kikubaaqudgha
Makhleb
Ru
Yredelemnul
Jiyva

Shops:
D:6 *   D:11 [   D:15 *   Orc:2 :(!*

Portals:
Pandemonium: Orc:2
Trove: D:10 (show abyssal rune of Zot)


Innate Abilities, Weirdness & Mutations

You are small and have problems with some larger weapons.
You are completely attuned to the shadows.
You have large cloven feet.
You passively map the area around you.
You regenerate.
Your spells are much harder to cast, but much more powerful.
Armour fits poorly on your pseudopods.
You expend magic power (3 MP) to strengthen your wands.


Message History

The death yak completely misses you. The death yak misses you.
You barely miss the death yak.
You punch the death yak, but do no damage.
You bludgeon the death yak, but do no damage.
The death yak is almost dead.
The death yak barely misses you.
You barely miss the death yak.
The death yak is almost dead.
The death yak misses you.
You hit the death yak.
The death yak is almost dead.
The death yak gores you!
You hit the death yak but do no damage.
You bludgeon the death yak, but do no damage.
The death yak is almost dead.
The death yak closely misses you. x2
You slash the death yak!
You kill the death yak!
You see here a death yak corpse.
You see here a death yak corpse.
There is a stone staircase leading down, spattered with blood here.
You climb downwards.
The death yak barely misses you.
The death yak completely misses you. x2; The death yak gores you!
The death yak completely misses you. x2; The death yak gores you!
There is a stone staircase leading up here.
Unknown command.
The death yak misses you. The death yak gores you. The death yak gores you!!
You shudder from the blow and a jelly pops out!
The death yak gores you.
You climb upwards.
There is a stone staircase leading down, spattered with blood here.
Unknown command.
You slash the death yak!
Your weapon exudes an aura of protection.
The death yak is heavily wounded.
You hit the death yak but do no damage. x2; You slash the death yak!
The death yak gores you! The death yak gores you!! x2
* * * LOW HITPOINT WARNING * * *
The death yak gores you!!
You die...

#..## #..#......#
#P.P### ###..#####..#
##..#.####....# ###..#
#.............###....#
#P....................
#..............≈≈≈≈≈..
##............#####≈..
#....YY...........#≈..
##...@......≈.....#≈..
#P..Y†Y......#≈...#≈..
#............≈#≈..#...
#.............≈#......
##..########....≈.....
##.## ##..#.......
#..# ##...###.....
#..#######.#..####....
##...............#....


You could see 4 death yaks.

Vanquished Creatures
  The ghost of Xenoroth98 the Brawler, a journeyman TrMo of the Shining One (D:14)
  A vault guard (D:14)
  3 catoblepae
  7 hydras
  2 boulder beetles (D:14)
  4 centaur warriors
  2 demonspawn (Orc:2)
  2 two-headed ogres
  6 orc high priests (Orc:2)
  Urug (D:12)
  A death yak (Lair:4)
  2 tengu warriors (D:15)
  A sixfirhy (Orc:2)
  A lindwurm (Lair:2)
  3 orc knights (Orc:2)
  6 orc sorcerers (Orc:2)
  9 ugly things
  3 deep elf pyromancers
  An oklob plant (Lair:3)
  7 cyclopes
  2 manticores (D:14)
  2 black mambas (Lair:4)
  3 cane toads
  An orange demon (Orc:2)
  Maurice (D:8)
  An ice statue (IceCv)
  4 rime drakes
  A gargoyle (D:11)
  2 kobold demonologists
  2 komodo dragons
  A hellwing (Orc:2)
  An unseen horror (D:11)
  A tengu conjurer (D:15)
  A freezing wraith (IceCv)
  An efreet (D:14)
  4 trolls
  A polar bear (Lair:2)
  2 meliai (D:13)
  11 blink frogs
  7 dream sheep (Lair:4)
  A vampire (D:12)
  A shadow (D:13)
  A wraith (D:12)
  5 water elementals (D:15)
  2 wyverns (Lair:4)
  42 yaks
  A death yak simulacrum (IceCv)
  10 vampire mosquitoes
  A neqoxec (Orc:2)
  2 wargs (Orc:2)
  2 acid dragons
  2 hydra simulacra (IceCv)
  8 water moccasins
  27 orc warriors
  4 black bears
  7 ogres
  19 centaurs
  18 wolves
  A phantom (D:6)
  11 kobold brigands
  2 scorpions
  5 bullfrogs
  10 wights
  4 two-headed ogre simulacra (IceCv)
  3 cane toad simulacra (IceCv)
  6 killer bees
  An elephant simulacrum (IceCv)
  An electric eel (D:15)
  8 howler monkeys
  A hound (D:7)
  2 gnoll boudas (D:7)
  29 orc priests
  An iguana (D:7)
  12 orc wizards
  4 hell rats (Lair:3)
  3 spriggan simulacra (IceCv)
  A polar bear simulacrum (IceCv)
  5 troll simulacra (IceCv)
  6 wolf simulacra (IceCv)
  A howler monkey zombie (D:3)
  3 adders
  5 gnolls
  6 naga simulacra (IceCv)
  2 shadow imps (D:12)
  5 white imps (IceCv)
  6 ufetubi (IceCv)
  2 worms
  2 dart slugs
  54 orcs
  An endoplasm (D:1)
  4 goblins
  5 hobgoblins
  4 jackals (D:4)
  36 kobolds
  6 quokkas
  7 ball pythons
  A ball python skeleton (D:3)
  2 ball python zombies (D:3)
  4 bats
  2 frilled lizards
  8 kobold skeletons (D:12)
  10 kobold zombies (D:12)
  6 rats
563 creatures vanquished.

Vanquished Creatures (collateral kills)
  A reaper (IceCv)
  An ettin (D:15)
  A two-headed ogre (D:12)
  Joseph (D:8)
  A rust devil (D:6)
  A komodo dragon (Lair:2)
  4 yaks (D:12)
  A naga simulacrum (IceCv)
11 creatures vanquished.

Vanquished Creatures (others)
  A centaur warrior (D:15)
  A wizard (D:15)
  An orc knight (Orc:2)
  An oklob plant (D:6)
  An orc sorcerer (D:15)
  A rust devil (D:6)
  Maggie (D:8)
  A tengu conjurer (D:15)
  A meliai (D:13)
  A water moccasin (Lair:1)
  An orc warrior (D:6)
  An ogre (Orc:2)
  2 centaurs (D:12)
  A wolf (Lair:2)
  4 bullfrogs
  A scorpion (D:3)
  A necrophage (D:6)
  3 killer bees
  An electric eel (D:15)
  109 jellies
  3 orc priests
  Terence (D:2)
  2 iguanas
  A hell rat (Lair:3)
  3 orc wizards
  A gnoll (D:8)
  2 adders
  11 orcs
  6 endoplasms
  A quokka (D:3)
  9 kobolds
  2 rats (D:3)
  62 fungi
  65 plants
  6 withered plants
309 creatures vanquished.

Grand Total: 883 creatures vanquished

Notes
Turn   | Place    | Note
-------+----------+-------------------------------------------
     0 | D:1      | 112233 the Kobold Artificer began the quest for the Orb.
     0 | D:1      | Reached XP level 1. HP: 12/12 MP: 1/1
   176 | D:1      | Reached XP level 2. HP: 16/16 MP: 2/2
   484 | D:1      | Found a faded altar of an unknown god.
   520 | D:1      | Prayed at the altar of an unknown god.
   520 | D:1      | Became a worshipper of Jiyva Jahets the Shapeless
   520 | D:1      | Reached * piety under Jiyva
   544 | D:1      | Reached XP level 3. HP: 18/20 MP: 3/3
  1012 | D:2      | Found a hazy altar of Hepliaklqana.
  1019 | D:2      | Reached ** piety under Jiyva
  1111 | D:2      | Identified the +2 mace "Worm's Wrath" {vorpal, rPois}
  1150 | D:2      | Reached skill level 1 in Short Blades
  1304 | D:2      | Killed Terence
  1384 | D:2      | Reached XP level 4. HP: 26/26 MP: 4/4
  1532 | D:3      | Found a burning altar of Makhleb.
  1686 | D:3      | Reached skill level 3 in Dodging
  1908 | D:3      | Killed a scorpion
  1987 | D:3      | Reached *** piety under Jiyva
  2353 | D:4      | Found a basalt altar of Yredelemnul.
  2354 | D:4      | Found a shadowy altar of Dithmenos.
  2358 | D:4      | Identified the +10 hand axe "Uxzep" {protect, Fragile rElec
                  | Will+}
  2399 | D:4      | Gained mutation: Armour fits poorly on your pseudopods.
                  | [Jiyva's grace]
  2399 | D:4      | Gained mutation: Armour fits poorly on your large
                  | pseudopods. [Jiyva's grace]
  2399 | D:4      | Gained mutation: Armour fits poorly on your massive
                  | pseudopods. [Jiyva's grace]
  2399 | D:4      | Gained mutation: You have supernaturally acute eyesight.
                  | (SInv) [Jiyva's grace]
  2548 | D:4      | Reached XP level 5. HP: 31/31 MP: 5/5
  2624 | D:4      | Found a sacrificial altar of Ru.
  2786 | D:4      | Reached **** piety under Jiyva
  2866 | D:5      | Entered Level 5 of the Dungeon
  2890 | D:5      | Noticed a black bear
  2901 | D:5      | Reached skill level 4 in Dodging
  2901 | D:5      | Reached XP level 6. HP: 37/37 MP: 6/6
  3178 | D:5      | Killed a black bear
  3325 | D:6      | Reached skill level 5 in Dodging
  3335 | D:6      | Killed an oklob plant
  3365 | D:6      | Reached XP level 7. HP: 44/44 MP: 7/7
  3422 | D:6      | Found Lisoisem's Assorted Antiques.
  3593 | D:6      | Reached skill level 5 in Fighting
  3593 | D:6      | Reached skill level 6 in Dodging
  3686 | D:6      | Reached ***** piety under Jiyva
  3741 | D:6      | Found a staircase to the Ecumenical Temple.
  3993 | D:5      | Noticed a rust devil
  3993 | D:5      | Noticed a rust devil
  4032 | D:6      | Killed a rust devil
  4033 | D:6      | Reached skill level 7 in Dodging
  4033 | D:6      | Reached XP level 8. HP: 35/52 MP: 8/8
  4310 | D:7      | Lost mutation: Armour fits poorly on your massive
                  | pseudopods. [Jiyva's grace]
  4310 | D:7      | Gained mutation: You are strong-willed. (Will+) [Jiyva's
                  | grace]
  4310 | D:7      | Gained mutation: You are highly strong-willed. (Will++)
                  | [Jiyva's grace]
  4310 | D:7      | Gained mutation: You are extremely strong-willed. (Will+++)
                  | [Jiyva's grace]
  4310 | D:7      | Gained mutation: You have a small jelly attached to you
                  | that senses nearby items. [Jiyva's grace]
  4572 | D:7      | Reached skill level 8 in Dodging
  4960 | D:7      | Reached XP level 9. HP: 45/58 MP: 9/9
  5189 | D:8      | Noticed Maurice
  5213 | D:8      | Killed Maurice
  5214 | D:8      | Reached skill level 9 in Dodging
  5270 | D:8      | Noticed Maggie
  5714 | D:8      | Killed Maggie
  5715 | D:8      | Reached skill level 10 in Dodging
  5838 | D:8      | Noticed Joseph
  5854 | D:8      | Killed Joseph
  6060 | D:9      | Noticed a deep elf pyromancer
  6065 | D:9      | Killed a deep elf pyromancer
  6066 | D:9      | Reached XP level 10. HP: 68/68 MP: 10/10
  6079 | D:9      | Reached skill level 10 in Fighting
  6079 | D:9      | Reached skill level 11 in Dodging
  6387 | D:9      | Lost mutation: You are extremely strong-willed. (Will+++)
                  | [Jiyva's grace]
  6387 | D:9      | Gained mutation: You are partially covered in iridescent
                  | scales. (AC +2) [Jiyva's grace]
  6387 | D:9      | Gained mutation: You are mostly covered in iridescent
                  | scales. (AC +4) [Jiyva's grace]
  6387 | D:9      | Gained mutation: You are completely covered in iridescent
                  | scales. (AC +6) [Jiyva's grace]
  6387 | D:9      | Gained mutation: You have a small jelly attached to you
                  | that may absorb projectiles. [Jiyva's grace]
  6673 | D:9      | Found a staircase to the Orcish Mines.
  6712 | D:9      | Reached skill level 12 in Dodging
  6721 | D:9      | Found a staircase to the Lair.
  6792 | D:9      | Reached skill level 5 in Evocations
  7256 | Orc:1    | Entered Level 1 of the Orcish Mines
  7841 | Orc:2    | Entered Level 2 of the Orcish Mines
  8001 | Orc:2    | Reached XP level 11. HP: 57/74 MP: 11/11
  8002 | Orc:2    | Noticed an orc high priest
  8021 | Orc:2    | Killed an orc high priest
  8022 | Orc:2    | Reached skill level 5 in Short Blades
  8159 | Orc:2    | Found Rupnutt's General Store.
  8160 | Orc:2    | Noticed an orc knight
  8184 | Orc:2    | Killed an orc knight
  8185 | Orc:2    | Reached skill level 13 in Dodging
  8189 | Orc:2    | Found Nuamp's Distillery.
  8198 | Orc:2    | Bought 2 potions of curing for 60 gold pieces
  8198 | Orc:2    | Bought a potion of haste for 100 gold pieces
  8254 | Orc:2    | Noticed an orc sorcerer
  8255 | Orc:2    | Noticed an orc knight
  8259 | Orc:2    | Noticed an orc high priest
  8260 | Orc:2    | Noticed a sixfirhy
  8260 | Orc:2    | Killed an orc sorcerer
  8267 | Orc:2    | Killed an orc knight
  8268 | Orc:2    | Killed an orc high priest
  8269 | Orc:2    | Noticed a sixfirhy
  8333 | Orc:2    | Found a staircase to the Elven Halls.
  8551 | Orc:2    | Gained mutation: You are clumsy. (Dex -2) [a neqoxec]
  8573 | Orc:2    | Killed a sixfirhy
  8574 | Orc:2    | Reached XP level 12. HP: 82/82 MP: 12/12
  8582 | Orc:2    | Noticed an orc high priest
  8584 | Orc:2    | Noticed a demonspawn
  8589 | Orc:2    | Noticed an orc high priest
  8590 | Orc:2    | Noticed an orc high priest
  8595 | Orc:2    | Noticed a soul eater
  8597 | Orc:2    | Killed an orc high priest
  8597 | Orc:2    | Killed an orc high priest
  8601 | Orc:2    | Killed a demonspawn
  8602 | Orc:2    | Reached skill level 14 in Dodging
  8602 | Orc:2    | Noticed a demonspawn
  8603 | Orc:2    | Killed an orc high priest
  8605 | Orc:2    | Noticed an orc high priest
  8607 | Orc:2    | Noticed a sun demon
  8616 | Orc:2    | Killed a demonspawn
  8617 | Orc:2    | Killed an orc high priest
  8842 | Orc:2    | Found Pouk's Book Shoppe.
  8842 | Orc:2    | Found Lentoez's Antique Weapon Emporium.
  8843 | Orc:2    | Found a one-way gate leading to the halls of Pandemonium.
  8984 | Orc:1    | Lost mutation: You are completely covered in iridescent
                  | scales. (AC +6) [Jiyva's grace]
  8984 | Orc:1    | Lost mutation: You are clumsy. (Dex -2) [Jiyva's grace]
  8984 | Orc:1    | Lost mutation: Armour fits poorly on your large pseudopods.
                  | [Jiyva's grace]
  8984 | Orc:1    | Lost mutation: You have a small jelly attached to you that
                  | may absorb projectiles. [Jiyva's grace]
  8984 | Orc:1    | Gained mutation: Your body has grown eyes which may confuse
                  | attackers. (Acc +3) [Jiyva's grace]
  8984 | Orc:1    | Gained mutation: Your body has grown many eyes which may
                  | confuse attackers. (Acc +5) [Jiyva's grace]
  8984 | Orc:1    | Gained mutation: Your body is covered in eyes which may
                  | confuse attackers. (Acc +7, SInv) [Jiyva's grace]
  8984 | Orc:1    | Gained mutation: Your translucent skin slightly reduces
                  | your foes' accuracy. (Stealth+) [Jiyva's grace]
  9130 | D:10     | Entered Level 10 of the Dungeon
  9253 | D:10     | Noticed a two-headed ogre
  9266 | D:10     | Killed a two-headed ogre
  9267 | D:10     | Reached skill level 10 in Evocations
  9527 | D:10     | Found a portal to a secret trove of treasure.
  9936 | D:11     | Found Lifyot's Antique Armour Emporium.
  9942 | D:11     | Bought a pair of runed boots for 270 gold pieces
 10052 | D:11     | Reached XP level 13. HP: 80/88 MP: 13/13
 10214 | D:11     | Reached skill level 10 in Short Blades
 10415 | D:11     | Noticed a seven-headed hydra
 10419 | D:11     | Killed a nine-headed hydra
 10652 | D:12     | Noticed Urug
 10676 | D:12     | Killed Urug
 10677 | D:12     | Reached skill level 15 in Dodging
 10782 | D:12     | Lost mutation: You have supernaturally acute eyesight.
                  | (SInv) [Jiyva's grace]
 10782 | D:12     | Lost mutation: Your translucent skin slightly reduces your
                  | foes' accuracy. (Stealth+) [Jiyva's grace]
 10782 | D:12     | Gained mutation: Your natural rate of healing is unusually
                  | fast. [Jiyva's grace]
 10782 | D:12     | Gained mutation: You heal very quickly. [Jiyva's grace]
 10782 | D:12     | Gained mutation: You regenerate. [Jiyva's grace]
 10782 | D:12     | Gained mutation: Your flesh is heat resistant. (rF+)
                  | [Jiyva's grace]
 11185 | D:12     | Noticed an eight-headed hydra
 11189 | D:12     | Killed a nine-headed hydra
 11506 | D:12     | Found an ancient bone altar of Kikubaaqudgha.
 11650 | D:13     | Noticed a five-headed hydra
 11678 | D:13     | Killed a 19-headed hydra
 11719 | D:13     | Noticed an eight-headed hydra
 11719 | D:13     | Noticed a centaur warrior
 11730 | D:13     | Killed a centaur warrior
 11730 | D:13     | Killed a nine-headed hydra
 11839 | D:13     | Noticed a catoblepas
 11866 | D:13     | Killed a catoblepas
 12374 | D:13     | Learned a level 2 spell: Blink
 12380 | D:13     | Learned a level 5 spell: Manifold Assault
 12411 | D:14     | Found a runed translucent door.
 12444 | D:14     | Noticed a centaur warrior
 12445 | D:14     | Reached XP level 14. HP: 84/96 MP: 14/14
 12577 | D:14     | Reached skill level 16 in Dodging
 12784 | D:14     | Found a basalt altar of Yredelemnul.
 12899 | D:14     | Reached skill level 15 in Fighting
 12904 | D:14     | Found a gate to the Vaults.
 12927 | D:14     | Lost mutation: Your flesh is heat resistant. (rF+) [Jiyva's
                  | grace]
 12927 | D:14     | Lost mutation: You are highly strong-willed. (Will++)
                  | [Jiyva's grace]
 12927 | D:14     | Lost mutation: You regenerate. [Jiyva's grace]
 12927 | D:14     | Lost mutation: You have a small jelly attached to you that
                  | senses nearby items. [Jiyva's grace]
 12927 | D:14     | Gained mutation: You regenerate. [Jiyva's grace]
 12927 | D:14     | Gained mutation: Your melee attacks may engulf your foes in
                  | ooze. [Jiyva's grace]
 12927 | D:14     | Gained mutation: You have large cloven feet. [Jiyva's
                  | grace]
 12927 | D:14     | Gained mutation: You have hoof-like feet. [Jiyva's grace]
 13141 | D:14     | Noticed Xenoroth98's ghost (journeyman TrMo)
 13159 | D:14     | Killed Xenoroth98's ghost
 13217 | D:15     | Entered Level 15 of the Dungeon
 13488 | D:15     | Found Tezeosm's Changing Room.
 13675 | D:15     | Found a staircase to the Depths.
 14681 | Lair:1   | Entered Level 1 of the Lair of Beasts
 14752 | Lair:1   | Reached ****** piety under Jiyva
 15026 | Lair:1   | Lost mutation: You have hoof-like feet. [Jiyva's grace]
 15026 | Lair:1   | Lost mutation: You are mostly covered in iridescent scales.
                  | (AC +4) [Jiyva's grace]
 15026 | Lair:1   | Lost mutation: You are partially covered in iridescent
                  | scales. (AC +2) [Jiyva's grace]
 15026 | Lair:1   | Lost mutation: You are strong-willed. (Will+) [Jiyva's
                  | grace]
 15026 | Lair:1   | Lost mutation: You regenerate. [Jiyva's grace]
 15026 | Lair:1   | Gained mutation: You regenerate. [Jiyva's grace]
 15026 | Lair:1   | Gained mutation: You expend magic power (3 MP) to
                  | strengthen your wands. [Jiyva's grace]
 15026 | Lair:1   | Gained mutation: Your spells are a little harder to cast,
                  | but a little more powerful. [Jiyva's grace]
 15026 | Lair:1   | Gained mutation: Your spells are harder to cast, but more
                  | powerful. [Jiyva's grace]
 15251 | Lair:1   | Reached skill level 1 in Armour
 15460 | Lair:1   | Reached XP level 15. HP: 77/103 MP: 8/15
 15591 | Lair:2   | Reached skill level 17 in Dodging
 15654 | Lair:2   | Found a hole to the Spider Nest.
 16558 | Lair:3   | Identified the +0 leather armour of the Vacuum {rF++}
 16727 | Lair:3   | Found a staircase to the Swamp.
 16808 | Lair:3   | Lost mutation: Your spells are harder to cast, but more
                  | powerful. [Jiyva's grace]
 16808 | Lair:3   | Lost mutation: Your body is covered in eyes which may
                  | confuse attackers. (Acc +7, SInv) [Jiyva's grace]
 16808 | Lair:3   | Lost mutation: Your body has grown many eyes which may
                  | confuse attackers. (Acc +5) [Jiyva's grace]
 16808 | Lair:3   | Lost mutation: Your body has grown eyes which may confuse
                  | attackers. (Acc +3) [Jiyva's grace]
 16808 | Lair:3   | Lost mutation: Your melee attacks may engulf your foes in
                  | ooze. [Jiyva's grace]
 16808 | Lair:3   | Gained mutation: Your spells are harder to cast, but more
                  | powerful. [Jiyva's grace]
 16808 | Lair:3   | Gained mutation: Your spells are much harder to cast, but
                  | much more powerful. [Jiyva's grace]
 16808 | Lair:3   | Gained mutation: You passively map a small area around you.
                  | [Jiyva's grace]
 16808 | Lair:3   | Gained mutation: You passively map the area around you.
                  | [Jiyva's grace]
 17319 | Lair:4   | Reached skill level 5 in Stealth
 17390 | Lair:4   | Found a frozen archway.
 17411 | IceCv    | Entered an ice cave
 17951 | IceCv    | Got the Grimoire of Hoarfrost
 17959 | IceCv    | Noticed a reaper
 17994 | IceCv    | Killed a reaper
 18026 | IceCv    | Identified the +1 leather armour of Qiett {rPois}
 18379 | Lair:4   | Noticed Rupert
 18385 | Lair:4   | Slimified Rupert
 18385 | Lair:4   | Noticed Rupert
 18385 | Lair:4   | Rupert changed into Rupert the acid blob
 18777 | Lair:4   | Found a staircase to the Slime Pits.
 19386 | Lair:5   | Entered Level 5 of the Lair of Beasts
 19539 | Lair:4   | Mangled by a death yak

Illustrated notes

Levels and vault maps discovered:
D:1:      minmay_arrival_doors, layout_rooms, hellmonk_ecumenical_altar_zigzags,
          st_stairs_12
D:2:      layout_basic, serial_corexii_hall, corexii_hall_statues_u,
          corexii_hall_statues_l, basic_altar, uniq_terence
D:3:      layout_basic, mainiacjoe_overflow_six_doors_small, serial_undead,
          serial_undead_c, serial_undead_f, serial_undead_d, serial_undead_c,
          corexii_hall_statues_x, nicolae_concentric_dashed_squares_wild
D:4:      layout_cave_pools, nicolae_ru_sacrificial_ziggurat,
          nicolae_overflow_squiral
D:5:      cheibrodos_iron_armory, layout_rooms
D:6:      lemuel_slime, layout_basic, minmay_temple_entry_glassed_door,
          serial_shops, nicolae_diamond_shop
D:7:      layout_basic
D:8:      layout_loops_corners, nicolae_grassy_gnolls, uniq_maggie, uniq_joseph,
          uniq_maurice
D:9:      layout_small_grid, lair_entry_dummy, minmay_orc_entry_temple_large
D:10:     layout_cave_pools, nicolae_trove_entry_crystal
D:11:     layout_roguey, serial_shops, nicolae_shop_waterfront
D:12:     wander_kiku_kobolds, layout_loops_ring, nicolae_figureground_sparkle,
          uniq_urug
D:13:     layout_roguey
D:14:     layout_cave_pools, david_vaults_5, ebering_ghost_reflecting_pool,
          yredelemnul_altar_generic
D:15:     hangedman_depths_entry_civil_slaughter, layout_basic,
          hangedman_abyss_or_decor_lesser_grid, serial_aquarium,
          aquarium_bridge_square [aquarium_subvault_wall,
          aquarium_subvault_balcony, aquarium_subvault_bridge,
          aquarium_subvault_wall], aquarium_bridge_square
          [aquarium_subvault_bridge, aquarium_subvault_bridge,
          aquarium_subvault_balcony, aquarium_subvault_bridge],
          aquarium_window_1, aquarium_window_fake, aquarium_view_2f,
          aquarium_view_2g, aquarium_pool_S, nicolae_transmutations_shop
Lair:1:   layout_chaotic_city, beast_lair_carwin_5, grunt_megastairs_3
Lair:2:   layout_regular_city, spider_nest_entry_web_field, patterned_corridor
Lair:3:   layout_roguey, minmay_swamp_entry_swarm, minmay_lair_oklob_items
Lair:4:   layout_small_grid, nicolae_slime_entry_slimehenge,
          portal_ice_cave_rime, uniq_rupert
Lair:5:   minmay_lair_end_enchanted_forest, layout_cave_pods,
          kennysheep_abandoned_house, grunt_megastairs_1, uniq_sonja
Orc:1:    layout_diamond_mine, basic_altar, lemuel_statue_altar
Orc:2:    pf_orc_diabolical, layout_diamond_mine, bh_open_orc_temple

Skill      XL: |  1  2  3  4  5  6  7  8  9 10 11 12 13 14 15 |
---------------+----------------------------------------------+-----
Evocations     | 4 6 8 10 11 13 14 | 14.3
Short Blades   | 1 4 7 9 11 13 | 13.2
Stealth        | 2 3 6 |  6.5
Fighting       | 2 3 4 6 7 9 11 12 13 14 15 16 | 16.1
Dodging        | 3 4 5 7 8 10 12 13 14 15 16 17 | 17.5
Armour         | 1 3 |  3.5

Action                   |  1- 3 |  4- 6 |  7- 9 | 10-12 | 13-15 || total
-------------------------+-------+-------+-------+-------+-------++-------
Melee: Club              |    11 |       |       |       |       ||    11
       Short sword       |    77 |    43 |       |       |       ||   120
       Hand axe          |       |    67 |   126 |   367 |  1164 ||  1724
       Pseudopods        |       |    11 |    23 |    92 |   393 ||   519
       Punch             |       |     2 |     1 |     5 |    23 ||    31
Invok: Oozemancy         |       |       |       |    11 |     3 ||    14
       Slimify           |       |       |       |       |     2 ||     2
Evoke: Wand              |    14 |     2 |     5 |     5 |    23 ||    49
       Phantom mirror    |       |       |       |       |     3 ||     3
       Phial of floods   |       |       |       |       |     1 ||     1
  Use: Potion            |       |       |     1 |     2 |       ||     3
       Scroll            |       |       |       |     7 |     1 ||     8
 Stab: Sleeping          |    10 |    11 |     2 |     6 |    15 ||    44
       Confused          |       |       |       |     1 |    67 ||    68
       Distracted        |       |       |       |       |     1 ||     1
Armor: Leather armour    |    16 |    26 |    22 |   113 |   195 ||   372
       Troll leather arm |       |       |       |       |   253 ||   253
Dodge: Dodged            |    61 |    87 |   146 |   487 |  2165 ||  2946
